 Dungeon Crawl Stone Soup version 0.17-a0-1979-g1c74939 (webtiles) character file.

15114 Ijustatesigmund the Basher (level 11, -1/102 HPs)
             Began as a Minotaur Fighter on Oct 5, 2015.
             Was a High Priest of Okawaru.
             Slain by a vampire mosquito (10 damage)
             ... on level 13 of the Dungeon.
             The game lasted 00:25:15 (10056 turns).

Ijustatesigmund the Basher (Minotaur Fighter)      Turns: 10056, Time: 00:25:16

Health: -1/102     AC:  0    Str: 22    XL:     11   Next: 97%
Magic:  16/16      EV: 20    Int:  5    God:    Okawaru [*****.]
Gold:   579        SH:  0    Dex: 12    Spells: 0 memorised, 10 levels left

rFire  . . .     SeeInvis .       - Unarmed
rCold  . . .     Clarity  .     (armour currently unavailable)
rNeg   . . .     SustAt   .     (shield currently unavailable)
rPois  .         Gourm    .     (helmet currently unavailable)
rElec  .         Spirit   .     (cloak currently unavailable)
rCorr  .         Warding  .     (gloves currently unavailable)
rMut   .         Stasis   .     (boots currently unavailable)
MR     .....                    w - amulet of rage
Stlth  ++........               (ring currently unavailable)
                                (ring currently unavailable)

@: pig-form, heroism, finesse, very quick, not resistant to hostile
enchantments, unstealthy
A: (retaliatory headbutt), (horns 0)
a: Heroism, Finesse, Renounce Religion, Evoke Berserk Rage


You were on level 13 of the Dungeon.
You worshipped Okawaru.
Okawaru was extremely pleased with you.
You were not hungry.
You were a filthy swine.
You visited 1 branch of the dungeon, and saw 13 of its levels.

You collected 678 gold pieces.
You spent 99 gold pieces at shops.

Inventory:

Hand Weapons
 u - a +1 morningstar (melded)
 F - a +2 flail of holy wrath
Missiles
 r - 12 curare-tipped needles
 y - 3 javelins of returning (quivered)
 H - 5 tomahawks of dispersal
Armour
 c - a +1 shield (melded)
 s - a +2 cloak (melded)
 E - a +2 chain mail of fire resistance (melded)
 I - a +2 hat (melded)
Jewellery
 o - a ring of sustain attributes (melded)
 w - an amulet of rage (around neck)
Wands
 B - a wand of fireball (4)
 D - a wand of frost (35)
Scrolls
 b - 3 scrolls of magic mapping
 l - 2 scrolls of recharging
 n - 8 scrolls of remove curse
 q - 3 scrolls of amnesia
 J - 2 scrolls of identify
Potions
 d - 4 potions of might
 g - 2 potions of lignification
 i - 2 potions of magic
 j - a potion of ambrosia
 k - 3 potions of brilliance
 v - 2 potions of flight
 x - 2 potions of curing
 C - a potion of mutation {unknown}
 G - a potion of berserk rage {unknown}
Books
 f - a Necronomicon

   Spells                             Type                      Level
   a - Haunt                          Necromancy/Summoning         7
   b - Borgnjor's Revivification      Necromancy                   8
   c - Death's Door                   Charms/Necromancy            8
   d - Necromutation                  Transmutation/Necromancy     8
 z - a book of Battle

   Spells                             Type                      Level
   a - Infusion                       Charms                       1
   b - Shroud of Golubria             Charms/Translocation         2
   c - Song of Slaying                Charms                       2
   d - Spectral Weapon                Hexes/Charms                 3
   e - Regeneration                   Charms/Necromancy            3
 K - a book of Enchantments

   Spells                             Type                      Level
   a - Cause Fear                     Hexes                        4
   b - Silence                        Hexes/Air                    5
   c - Deflect Missiles               Charms/Air                   6
   d - Haste                          Charms                       6
   e - Discord                        Hexes                        8
 L - a book of Frost

   Spells                             Type                      Level
   a - Freeze                         Ice                          1
   b - Throw Frost                    Conjuration/Ice              2
   c - Ozocubu's Armour               Charms/Ice                   3
   d - Throw Icicle                   Conjuration/Ice              4
   e - Summon Ice Beast               Ice/Summoning                4
   f - Condensation Shield            Ice                          4
Comestibles
 e - 8 bread rations
 h - 5 fruits
 m - 5 meat rations
 p - 3 slices of pizza
 A - 2 beef jerkies


   Skills:
 + Level 11.4(16.4) Fighting
 + Level 12.6(17.6) Maces & Flails
 - Level 4.0(9.0) Throwing
 - Level 10.1(15.1) Armour
 - Level 5.0(10.0) Dodging
 - Level 7.1(12.1) Shields
 * Level 8.7 Invocations
 + Level 2.6 Evocations


You had 10 spell levels left.
You didn't know any spells.

Dungeon Overview and Level Annotations

Branches:
Dungeon (13/15)            Temple (0/1) D:4            Lair (0/8) D:8
    Orc (0/4) D:10         Vaults (0/5) D:13

Altars:
Ashenzari
Elyvilon
Fedhas
Nemelex Xobeh
Okawaru
Qazlal
Ru

Shops:
D:11 [

Annotations:
D:13 Donald, Kirke, Maurice, Rupert


Innate Abilities, Weirdness & Mutations

((You reflexively headbutt those who attack you in melee.))
((You have a pair of horns on your head.))


Message History

The vampire mosquito bites you.
* * * LOW HITPOINT WARNING * * *
The human hits you.
* * * LOW HITPOINT WARNING * * *
The vampire mosquito closely misses you.
Maurice shouts!
The vampire mosquito bites you.
* * * LOW HITPOINT WARNING * * *
A crimson imp comes into view.
The vampire mosquito buzzes angrily.
The crimson imp shouts!
The giant frog closely misses you. The vampire mosquito misses you.
The crimson imp blinks!
The vampire mosquito misses you.
The human shouts!
The vampire mosquito buzzes angrily.
The vampire mosquito buzzes angrily.
You hit the vampire mosquito.
The vampire mosquito is lightly damaged.
The vampire mosquito bites you!
* * * LOW HITPOINT WARNING * * *
The vampire mosquito bites you!
You die...

# # ............. # ...
............ ##
...##.....yyp... .#
#...#......y.... ..
####.............5. ...
....#........#...p..
.................y......
...............yh......W
...............Fy.......
.............p..y.......
........................
..[.......z.............
......z..hp.W...........
......k#..z.............
........z.oo.......P....
....{...z....@...P.....


You could see a freezing wraith, a phantom, a hog, 4 humans, 7 vampire
mosquitoes, a giant frog, 2 wights, an orc wizard, a crimson imp and an orc.

Vanquished Creatures
  Josephine (D:10)
  Erolcha (D:10)
  A hydra (D:12)
  The ghost of Nico3ck the Severer, a novice MiBe of Trog (D:9)
  The ghost of brucemayne the Cleaver, a novice HOBe of Trog (D:10)
  3 hill giants
  An ugly thing (D:12)
  Psyche (D:8)
  A two-headed ogre (D:8)
  A spriggan (D:7)
  5 hogs (D:13)
  6 yaks (D:11)
  5 wraiths (D:10)
  A hippogriff (D:8)
  2 humans (D:13)
  A hungry ghost (D:11)
  A vampire mosquito (D:12)
  3 ice beasts
  10 orc warriors
  2 phantoms
  2 sky beasts (D:6)
  A black bear (D:10)
  A necrophage (D:8)
  5 centaurs
  3 ogres
  2 crocodiles
  6 giant frogs
  A gnoll sergeant (D:10)
  2 big kobolds (D:9)
  The ghost of brucemayne the Chopper, a weakling HOBe of Trog (D:5)
  2 scorpions
  14 killer bees
  4 crimson imps
  4 giant frog zombies
  2 centaur zombies
  8 hounds
  Crazy Yiuf (D:2)
  4 iguanas
  A giant frog skeleton (D:9)
  A jelly (D:10)
  7 orc priests
  7 orc wizards
  10 worker ants
  2 hound skeletons
  A worker ant zombie (D:9)
  17 gnolls
  2 river rats (D:8)
  9 adders
  6 shadow imps
  3 oozes (D:5)
  An adder zombie (D:5)
  2 worms
  7 giant geckos
  42 orcs
  5 bats
  8 hobgoblins
  13 jackals
  5 quokkas
  3 giant cockroaches
  6 giant newts
  4 goblins
  8 kobolds
  5 rats
286 creatures vanquished.

Vanquished Creatures (others)
  3 fungi (D:8)
  3 plants (D:13)
6 creatures vanquished.

Grand Total: 292 creatures vanquished

Notes
Turn   | Place    | Note
--------------------------------------------------------------
     0 | D:1      | Ijustatesigmund the Minotaur Fighter began the quest for the Orb.
     0 | D:1      | Reached XP level 1. HP: 19/19 MP: 0/0
   655 | D:1      | Reached XP level 2. HP: 20/26 MP: 1/1
   923 | D:2      | Reached skill level 4 in Maces & Flails
   923 | D:2      | Reached XP level 3. HP: 22/31 MP: 2/2
  1108 | D:2      | Found a blossoming altar of Fedhas.
  1109 | D:2      | Found an iron altar of Okawaru.
  1117 | D:2      | Became a worshipper of Warmaster Okawaru
  1443 | D:3      | Reached skill level 5 in Maces & Flails
  1443 | D:3      | Reached XP level 4. HP: 26/39 MP: 3/3
  2093 | D:3      | Found a shattered altar of Ashenzari.
  2224 | D:4      | Reached XP level 5. HP: 34/46 MP: 4/4
  2353 | D:4      | Reached skill level 6 in Maces & Flails
  2825 | D:4      | Reached XP level 6. HP: 31/53 MP: 5/5
  3078 | D:4      | Noticed an ogre
  3082 | D:4      | Killed an ogre
  3082 | D:4      | Acquired Okawaru's first power
  3082 | D:4      | Reached skill level 5 in Fighting
  3082 | D:4      | Reached skill level 5 in Armour
  3118 | D:4      | Found a staircase to the Ecumenical Temple.
  3295 | D:5      | Entered Level 5 of the Dungeon
  3303 | D:5      | Noticed brucemayne's ghost (weakling HOBe)
  3318 | D:5      | Killed brucemayne's ghost
  3666 | D:5      | Reached skill level 10 in Fighting
  3666 | D:5      | Reached skill level 10 in Maces & Flails
  3666 | D:5      | Reached skill level 10 in Armour
  3666 | D:5      | Reached XP level 7. HP: 61/72 MP: 6/6
  3728 | D:5      | Found a sacrificial altar of Ru.
  3923 | D:5      | Reached XP level 8. HP: 63/79 MP: 7/7
  3926 | D:5      | Found a stormy altar of Qazlal.
  3928 | D:5      | Noticed a fire elemental
  3929 | D:5      | Noticed an air elemental
  3929 | D:5      | Noticed a water elemental
  4107 | D:2      | Noticed Crazy Yiuf
  4112 | D:2      | Killed Crazy Yiuf
  4420 | D:6      | Reached skill level 1 in Dodging
  4664 | D:6      | Reached skill level 1 in Invocations
  5376 | D:8      | Noticed Psyche
  5418 | D:7      | Reached XP level 9. HP: 63/85 MP: 9/9
  5420 | D:7      | Reached skill level 5 in Shields
  5576 | D:8      | Killed Psyche
  5595 | D:8      | Noticed a two-headed ogre
  5602 | D:8      | Killed a two-headed ogre
  5628 | D:8      | Found a staircase to the Lair.
  6078 | D:9      | Reached skill level 1 in Throwing
  6208 | D:9      | Reached XP level 10. HP: 93/93 MP: 12/12
  6421 | D:9      | Noticed Nico3ck's ghost (novice MiBe)
  6435 | D:9      | Killed Nico3ck's ghost
  6444 | D:9      | Reached skill level 5 in Invocations
  6456 | D:9      | Found a sparkling altar of Nemelex Xobeh.
  6695 | D:9      | Found a white marble altar of Elyvilon.
  6968 | D:10     | Entered Level 10 of the Dungeon
  7072 | D:10     | Noticed a hill giant
  7077 | D:10     | Killed a hill giant
  7137 | D:10     | Found a staircase to the Orcish Mines.
  7155 | D:10     | Noticed brucemayne's ghost (novice HOBe)
  7176 | D:10     | Killed brucemayne's ghost
  7176 | D:10     | Reached skill level 5 in Dodging
  7285 | D:10     | Acquired Okawaru's second power
  7599 | D:10     | Noticed Erolcha
  7608 | D:10     | Killed Erolcha
  7608 | D:10     | Received a gift from Okawaru
  7608 | D:10     | Reached skill level 11 in Maces & Flails
  7755 | D:10     | Noticed Josephine
  7762 | D:10     | Killed Josephine
  7762 | D:10     | Reached XP level 11. HP: 82/101 MP: 14/14
  8436 | D:11     | Reached skill level 12 in Maces & Flails
  8521 | D:11     | Noticed a hill giant
  8531 | D:11     | Killed a hill giant
  8806 | D:11     | Received a gift from Okawaru
  9045 | D:11     | Reached skill level 1 in Evocations
  9349 | D:11     | Found Huumosef's Antique Armour Emporium.
  9361 | D:11     | Bought a glowing chain mail for 99 gold pieces
  9531 | D:12     | Noticed a four-headed hydra
  9543 | D:12     | Killed a four-headed hydra
  9570 | D:12     | Noticed a hill giant
  9576 | D:12     | Killed a hill giant
  9829 | D:13     | Noticed a hill giant
  9832 | D:13     | Found a gate to the Vaults.
  9832 | D:13     | Noticed Donald
  9832 | D:13     | Noticed Kirke
  9833 | D:13     | Noticed a skeletal warrior
  9835 | D:13     | Noticed Rupert
 10042 | D:13     | Noticed a lindwurm
 10047 | D:13     | Noticed Maurice
 10056 | D:13     | Slain by a vampire mosquito

Vault maps used:
D:1:      dpeg_arrival_rhombus
D:2:      minitemple, uniq_crazy_yiuf_cottage
D:3:      lemuel_coloured_pillars_altar, first_bread
D:4:      minmay_temple_entry_grid
D:5:      nicolae_ru_awakened_eye, nicolae_qazlal_style_of_elements,
          glass_columns_a, kennysheep_generic_room_11
D:7:      minmay_misc_feat_square, the_bakery, kennysheep_generic_room_14
D:8:      due_lair_maze_entry_diamond, uniq_psyche
D:9:      nemelex_xobeh_ov_fountains_minmay, kennysheep_little_box
D:10:     orc_0_dummy, uniq_josephine, uniq_erolcha
D:11:     special_room, serial_shops, nicolae_shop_waterfront,
          nrook_mini_backslash
D:12:     minmay_curly_fans, st_stairs_14
D:13:     david_vaults_3, serial_bayou_pond_a, grunt_decor_fettered,
          uniq_frances, uniq_maurice, uniq_kirke

Action                   |  1- 3 |  4- 6 |  7- 9 | 10-12 || total
-------------------------+-------+-------+-------+-------++-------
Melee: Flail             |    62 |   134 |    94 |    31 ||   321
       Morningstar       |       |       |   224 |   433 ||   657
       Unarmed           |       |       |       |     1 ||     1
Throw: Javelin           |       |       |       |    23 ||    23
Invok: Heroism           |       |       |     1 |     6 ||     7
       Finesse           |       |       |       |     1 ||     1
  Use: Scroll            |     5 |     6 |     7 |     8 ||    26
       Potion            |       |     2 |       |     5 ||     7
  Eat: Chunk             |     1 |     4 |     5 |     5 ||    15
       Beef jerky        |       |     1 |     1 |     1 ||     3
       Bread ration      |       |     1 |       |     1 ||     2
       Royal jelly       |       |       |       |     1 ||     1
       Fruit             |       |       |       |     3 ||     3
